 Dungeon Crawl Stone Soup version 0.22.1-6-g1668fe2 (webtiles) character file.

3988 Flaz the Cleaver (level 10, 0/78 HPs)
             Began as a Ghoul Fighter on Jan 17, 2019.
             Was a Follower of Okawaru.
             Slain by a spiny frog (5 damage)
             ... on level 8 of the Dungeon.
             The game lasted 00:58:47 (8884 turns).

Flaz the Cleaver (Ghoul Fighter)                    Turns: 8884, Time: 00:58:48

Health: 0/78       AC: 15    Str: 24    XL:     10   Next: 22%
Magic:  9/9        EV:  7    Int:  3    God:    Okawaru [*.....]
Gold:   297        SH:  3    Dex:  8    Spells: 9/9 levels left

rFire    . . .     SeeInvis +   a - +0 war axe
rCold    + . .     Gourm    .   (no shield)
rNeg     + + +     Faith    .   t - +0 plate armour
rPois    ∞         Spirit   .   (no helmet)
rElec    .         Reflect  +   (no cloak)
rCorr    .         Harm     .   M - +0 pair of gloves
MR       +....                  b - +0 pair of boots
Stlth    ..........             L - +3 amulet of reflection
HPRegen  0.00/turn              x - ring of protection from magic
MPRegen  0.11/turn              D - ring of see invisible

@: rotting
A: rotting body, claws 1, carnivore, cold resistance 1, negative energy
resistance 3, inhibited regeneration, torment resistance, unbreathing
a: Heroism, Renounce Religion


You were on level 8 of the Dungeon.
You worshipped Okawaru.
Okawaru was aware of your devotion.
You were not hungry.

You visited 3 branches of the dungeon, and saw 12 of its levels.

You collected 297 gold pieces.

Inventory:

Hand Weapons
 a - a +0 war axe (weapon)
 H - a +0 blowgun
Missiles
 j - 287 stones (quivered)
 v - 22 poisoned needles
Armour
 b - a +0 pair of boots (worn)
 c - a +0 shield
 g - a +0 helmet
 t - a +0 plate armour (worn)
 M - a +0 pair of gloves (worn)
Magical Staves
 F - an uncursed staff of wizardry {unknown}
Jewellery
 x - a ring of protection from magic (left hand)
 D - a ring of see invisible (right hand)
 E - the amulet "Deotham" {Harm *Drain rElec rPois MR- Dex+8}
   (You found it on level 7 of the Dungeon)

   [amulet of harm]

   It increases damage dealt and taken.
   It affects your dexterity (+8).
   It insulates you from electricity.
   It protects you from poison.
   It affects your resistance to hostile enchantments.
   It causes draining when unequipped.
 G - an uncursed amulet of the acrobat {unknown}
 L - a +3 amulet of reflection (around neck)
Wands
 N - a wand of flame (20)
Scrolls
 h - 2 scrolls of identify
 k - a scroll of teleportation
 n - a scroll of blinking {unknown}
 p - a scroll of fear {unknown}
 q - 5 scrolls of remove curse
 u - 2 scrolls of enchant armour {unknown}
 y - a scroll of noise {unknown}
 z - a scroll of holy word {unknown}
 B - 2 scrolls of immolation
 K - a scroll of random uselessness {unknown}
 O - 2 scrolls of amnesia {unknown}
Potions
 d - a potion of might
 e - 3 potions of lignification
 i - 2 potions of magic {unknown}
 l - a potion of resistance {unknown}
 m - 3 potions of agility
 o - 2 potions of brilliance {unknown}
 r - a potion of ambrosia {unknown}
 s - a potion of heal wounds {unknown}
 w - 2 potions of curing
 A - a potion of degeneration {unknown}
 C - a potion of berserk rage {unknown}
 I - a potion of haste {unknown}
 J - a potion of mutation {unknown}
Comestibles
 f - 20 rations
 P - 6 chunks of flesh


   Skills:
 * Level 3.8 Fighting
 * Level 11.0 Axes
 - Level 4.0 Throwing
 * Level 6.3 Armour
 - Level 2.6 Shields
 - Level 1.0 Evocations


You had 9 spell levels left.
You didn't know any spells.
Your spell library contained the following spells:

 Spells                   Type           Power        Failure   Level  Hunger
 Animate Skeleton         Necr           N/A          100%        1    ##.....
 Apportation              Tloc           #.....       100%        1    ##.....
 Confusing Touch          Hex            #.....       100%        1    ##.....
 Summon Small Mammal      Summ           #...         100%        1    ##.....
 Confuse                  Hex            #.......     100%        3    ####...
 Gell's Gravitas          Tloc           #.........   100%        3    ####...
 Petrify                  Tmut/Erth      #.......     100%        4    #####..
 Metabolic Englaciation   Hex/Ice        #.........   100%        5    ######.
 Yara's Violent Unravell  Hex/Tmut       #.........   100%        5    ######.


Dungeon Overview and Level Annotations

Branches:
Dungeon (10/15)            Temple (1/1) D:7            Lair (1/6) D:8
    Orc: D:9-12

Altars:
Ashenzari
Cheibriados
Dithmenos
Elyvilon
Fedhas
Gozag
Hepliaklqana
Kikubaaqudgha
Makhleb
Nemelex Xobeh
Okawaru
Qazlal
Ru
Sif Muna
Trog
Uskayaw
Vehumet
Wu Jian
Xom
Yredelemnul
Zin
The Shining One

Shops:
D:6 :

Annotations:
D:2 Robin
D:8 1 runed door, exclusion: door, GoLoT's ghost, novice MiMo
D:9 Erolcha


Innate Abilities, Weirdness & Mutations

Your body is rotting away.
You thrive on raw meat.
You are immune to poison.
You have sharp fingernails.
You are carnivorous and can eat meat at any time.
Your flesh is cold resistant. (rC+)
You are immune to negative energy. (rN+++)
You do not regenerate when monsters are visible.
You are immune to unholy pain and torment.
You can survive without breathing.


Message History

The spiny frog stings you but does no damage.
You completely miss the spiny frog.
The spiny frog is heavily wounded.
You hit the wolf. The wolf barely misses you.
The wolf bites you but does no damage. The spiny frog stings you!
* * * LOW HITPOINT WARNING * * *
Your plate armour prevents you from hitting the spiny frog.
The spiny frog is heavily wounded.
You closely miss the wolf. The wolf barely misses you.
The spiny frog stings you.
* * * LOW HITPOINT WARNING * * *
The wolf bites you but does no damage.
Okay, then.
Evoke which item? (* to show all) (? for menu, Esc to quit)
Aiming: Throw Flame
Press: ? - help, Shift-Dir - straight line, f - spiny frog
Aim: a spiny frog (heavily wounded)
The puff of flame misses the spiny frog.
The spiny frog stings you.
You die...

#### ##...## #
###.....## #
#........#### #
#..........h##
#
#........##F@#
#
#.......######
# .........# ##
.........# .#
.#.......## .#
..........# .##
##....≈)..#
..##......≈≈..#
#....#..≈≈≈≈..#


You could see a spiny frog and a wolf.

Vanquished Creatures
  A troll (D:9)
  A hornet (D:9)
  A hippogriff (D:8)
  Sigmund (D:3)
  A hungry ghost (D:7)
  A black bear (D:7)
  An orc warrior (D:9)
  An ice beast (D:6)
  3 phantoms
  A sky beast (D:9)
  An ogre (D:9)
  2 centaurs
  A crocodile (Lair:1)
  A bullfrog (D:6)
  A big kobold (D:6)
  A wyvern zombie (D:8)
  A wyvern skeleton (D:6)
  2 scorpions (D:5)
  12 killer bees
  8 wights
  A howler monkey (D:6)
  A centaur zombie (D:5)
  4 crimson imps
  4 hounds
  A centaur skeleton (D:9)
  2 bullfrog skeletons
  A jelly (D:9)
  3 orc wizards
  An iguana (D:6)
  5 worker ants
  A hound zombie (D:7)
  2 worker ant zombies
  A howler monkey zombie (D:9)
  A howler monkey skeleton (D:4)
  6 adders
  3 gnolls (D:7)
  A shadow imp (D:6)
  An ooze (D:3)
  2 adder zombies
  A worm (D:3)
  4 dart slugs
  8 leopard geckos
  10 orcs
  6 bats
  26 goblins
  6 hobgoblins
  7 jackals
  8 kobolds
  3 quokkas
  4 frilled lizards
  A jackal zombie (D:6)
  A leopard gecko skeleton (D:8)
  A leopard gecko zombie (D:5)
  8 rats
177 creatures vanquished.

Notes
Turn   | Place    | Note
-------+----------+-------------------------------------------
     0 | D:1      | Flaz the Ghoul Fighter began the quest for the Orb.
     0 | D:1      | Reached XP level 1. HP: 19/19 MP: 0/0
   137 | D:1      | Reached skill level 2 in Axes
   137 | D:1      | Reached XP level 2. HP: 20/26 MP: 1/1
   465 | D:1      | Reached XP level 3. HP: 31/31 MP: 2/2
   595 | D:1      | Reached skill level 3 in Axes
   649 | D:2      | Found a sparkling altar of Nemelex Xobeh.
   892 | D:2      | Noticed Robin
  1012 | D:3      | Noticed Sigmund
  1101 | D:2      | Reached XP level 4. HP: 36/38 MP: 3/3
  1633 | D:2      | Reached skill level 4 in Axes
  1929 | D:4      | Found a shimmering altar of Xom.
  2000 | D:4      | Reached skill level 1 in Throwing
  2000 | D:4      | Reached XP level 5. HP: 38/45 MP: 4/4
  2134 | D:4      | Noticed a phantom
  2175 | D:4      | Killed a phantom
  2175 | D:4      | Reached XP level 6. HP: 37/51 MP: 5/5
  2420 | D:5      | Entered Level 5 of the Dungeon
  2420 | D:5      | Found a stormy altar of Qazlal.
  2420 | D:5      | Noticed an air elemental
  3057 | D:5      | Noticed a phantom
  3074 | D:5      | Reached XP level 7. HP: 43/57 MP: 6/6
  3202 | D:5      | Reached skill level 5 in Armour
  3313 | D:5      | Found a stormy altar of Qazlal.
  3363 | D:5      | Reached skill level 5 in Axes
  3464 | D:5      | Noticed a water elemental
  3602 | D:3      | Found a shattered altar of Ashenzari.
  3653 | D:3      | Killed Sigmund
  3653 | D:3      | Reached skill level 6 in Axes
  3653 | D:3      | Reached XP level 8. HP: 48/63 MP: 7/7
  4920 | D:6      | Found Juovvebb's Book Shoppe.
  5286 | D:7      | Reached skill level 7 in Axes
  5292 | D:7      | HP: 3/62 [killer bee (3)]
  5563 | D:7      | Reached XP level 9. HP: 58/70 MP: 8/8
  5619 | D:7      | Got a warped crystal amulet
  5664 | D:7      | Reached skill level 8 in Axes
  6148 | D:7      | Found a staircase to the Ecumenical Temple.
  6182 | Temple   | Entered the Ecumenical Temple
  6437 | Temple   | Became a worshipper of Warmaster Okawaru
  6465 | Temple   | Identified the amulet "Deotham" {Harm *Drain rElec rPois
                  | MR- Dex+8} (You found it on level 7 of the Dungeon)
  6944 | D:9      | Noticed a troll
  7135 | D:9      | Killed a troll
  7135 | D:9      | Reached skill level 9 in Axes
  7478 | D:9      | Noticed a hornet
  7493 | D:9      | Killed a hornet
  7745 | D:9      | Noticed Erolcha
  7751 | D:9      | Noticed a hornet
  7783 | D:10     | Entered Level 10 of the Dungeon
  7800 | D:9      | Reached skill level 10 in Axes
  7928 | D:9      | Reached * piety under Okawaru
  8106 | D:8      | Reached XP level 10. HP: 48/76 MP: 9/9
  8117 | D:8      | Reached skill level 1 in Evocations
  8197 | D:8      | Found a runed door.
  8201 | D:8      | Noticed GoLoT's ghost (novice MiMo)
  8780 | D:8      | Reached skill level 11 in Axes
  8840 | D:8      | Found a staircase to the Lair.
  8845 | Lair:1   | Entered Level 1 of the Lair of Beasts
  8857 | Lair:1   | Noticed a spiny frog
  8884 | D:8      | Slain by a spiny frog

Skill      XL: |  1  2  3  4  5  6  7  8  9 10 |
---------------+-------------------------------+-----
Armour         | 3 4 5 6 |  6.3
Axes           | 2 3 4 6 7 10 11 | 11.0
Throwing       | 1 3 4 |  4.0
Evocations     | 1 |  1.0
Fighting       | |  3.8
Shields        | |  2.6

Action                   |  1- 3 |  4- 6 |  7- 9 | 10-12 || total
-------------------------+-------+-------+-------+-------++-------
Melee: War axe           |   132 |   230 |   417 |   121 ||   900
 Fire: Blowgun           |       |       |    76 |       ||    76
Throw: Stone             |     4 |    14 |    23 |     5 ||    46
Evoke: Wand              |       |       |     8 |     1 ||     9
  Use: Scroll            |       |       |     8 |       ||     8
       Potion            |       |       |     1 |       ||     1
  Eat: Chunk             |    17 |    17 |    49 |     6 ||    89
       Ration            |       |       |     1 |       ||     1
Armor: Scale mail        |    81 |    54 |    54 |       ||   189
       Plate armour      |       |    97 |   278 |    85 ||   460
Dodge: Dodged            |    76 |    97 |   219 |    63 ||   455
Block: Other             |       |       |    49 |    20 ||    69
